Description

A PvP PartinG opening with 2 gates and 1 robo :) He uses a warp prism drop with adept and uses the warp prism a bit later to warp in more units when he is attacking with his army.

Replay - 2020-05-08 - (P)PartinG VS (P)ReSpOnSe

Build Order

Get SALT Encoding   

  12  0:00  Probe  
  13  0:12  Probe  
  14  0:18  Pylon  
  14  0:25  Probe (Chrono Boost)  
  15  0:37  Gateway, Probe (Chrono Boost)  
  16  0:45  Probe (Chrono Boost)  
  16  0:46  Assimilator  
  17  0:51  Probe  
  17  0:54  Assimilator  
  18  1:03  Probe (Chrono Boost)  
  19  1:08  Gateway  
  19  1:12  Probe x2 (Chrono Boost)  
  20  1:24  Cybernetics Core  
  21  1:29  Probe  
  22  1:33  Pylon  
  24  2:00  Adept x2  
  18  2:01  Warp Gate  
  28  2:08  Robotics Facility  
  29  2:16  Pylon  
  30  2:34  Adept x2  
  35  2:52  Warp Prism (Chrono Boost)  
  37  3:18  Nexus  
  37  3:22  Observer  
  39  3:28  Pylon  
  39  3:44  Immortal (Chrono Boost)  
  44  3:50  Sentry  
  46  4:00  Pylon  
  46  4:15  Immortal (Chrono Boost)  
  47  4:19  Sentry x2  
  55  4:51  Immortal (Chrono Boost)  
  53  4:56  Adept x2  
  63  5:11  Gateway x2  
  63  5:14  Robotics Bay  
  65  5:26  Assimilator  
  65  5:34  Adept x2  
  67  6:00  Stalker x2  
Spawning Tool Build Advisor. Get it on Overwolf

Go to:

Details

  • Created by: LightWisdom
  • Published on: Jun 15, 2020
  • Modified on: Jun 15, 2020
  • Patch: 4.11.0
  • Difficulty: Hard
Show
View Real Time Build Order
Export as new Build Order

Comments (0)

There are no comments. Be the first!

Create an account to comment!